 Dungeon Crawl Stone Soup version 0.27-a0-909-g0721f309d1 (webtiles) character file.

Game seed: 8169053513283929156

79 Anon1729 the Grasshopper (level 4, -2/36 HPs)
             Began as a Palentonga Warper on Apr 9, 2021.
             Was a Believer of Cheibriados.
             Slain by a black bear (3 damage)
             ... on level 3 of the Dungeon.
             The game lasted 00:04:12 (2556 turns).

Anon1729 the Grasshopper (Palentonga Warper)        Turns: 2556, Time: 00:04:13

Health: -2/36      AC:  5    Str: 20    XL:     4   Next: 16%
Magic:  6/7        EV:  9    Int: 21    God:    Cheibriados [**....]
Gold:   116        SH:  0    Dex: 15    Spells: 6/8 levels left

rFire    . . .     SeeInvis +   a - +0 mace
rCold    . . .     Faith    .   (no shield)
rNeg     . . .     Spirit   .   b - +0 leather armour
rPois    .         Reflect  .   (no helmet)
rElec    .         Harm     .   g - +0 cloak
rCorr    .         Rampage  .   (no gloves)
Will     +....                  (no barding)
Stlth    +.........             (no amulet)
HPRegen  0.12/turn              q - ring of willpower
MPRegen  0.10/turn              (no ring)

@: very slow
A: large, rugged brown scales 3, see invisible, deformed body, roll 1, armoured
tail
a: Rolling Charge, Renounce Religion, Bend Time


You were on level 3 of the Dungeon.
You worshipped Cheibriados.
Cheibriados was pleased with you.
You visited 1 branch of the dungeon, and saw 3 of its levels.

You collected 116 gold pieces.

Inventory:

Hand Weapons
 a - a +0 mace (weapon)
Missiles
 e - 4 boomerangs of dispersal
Armour
 b - a +0 leather armour (worn)
 g - a +0 cloak (worn)
 h - a +0 chain mail
Magical Staves
 n - a staff of air
Jewellery
 q - a ring of willpower (left hand)
Scrolls
 d - a scroll of blinking
 f - 3 scrolls of identify {unknown}
 m - a scroll of amnesia {unknown}
 o - a scroll of holy word {unknown}
 p - a scroll of enchant weapon {unknown}
Potions
 c - a potion of attraction {unknown}
 i - 2 potions of degeneration {unknown}
 j - a potion of flight {unknown}
 k - a potion of might {unknown}
 l - 2 potions of curing {unknown}


   Skills:
 + Level 2.7 Fighting
 + Level 2.7 Maces & Flails
 - Level 0.7 Throwing
 - Level 0.8 Armour
 - Level 1.6 Dodging
 + Level 2.5 Spellcasting
 + Level 3.6 Translocations


You had 6 spell levels left.
You knew the following spells:

 Your Spells              Type           Power      Damage    Failure   Level
a - Blink                 Tloc           N/A        N/A       5%          2

Your spell library contained the following spells:

 Spells                   Type           Power      Damage    Failure   Level
 Gell's Gravitas          Tloc           8%         N/A       11%         3
 Lesser Beckoning         Tloc           8%         N/A       11%         3
 Teleport Other           Tloc           17%        N/A       11%         3
 Manifold Assault         Tloc           17%        N/A       71%         5


Dungeon Overview and Level Annotations

Branches:
Dungeon (3/15)

Altars:
Cheibriados


Innate Abilities, Weirdness & Mutations

You are completely covered in rugged brown scales. (AC +3, +7% HP)
You have supernaturally acute eyesight. (SInv)
Armour fits poorly on your strangely shaped body.
You can roll at nearby foes to attack.
You have a long armoured tail.


Message History

You feel sick. The bat barely misses you.
You hit the endoplasm.
The endoplasm is heavily wounded.
You feel sick. The endoplasm freezes you.
You are frozen.
You hit the endoplasm but do no damage. You tail-slap the endoplasm.
You kill the endoplasm!
Cheibriados appreciates the change of pace.
You feel sick. The bat barely misses you. The black bear bites you.
The black bear claws you but does no damage. x2
You closely miss the black bear.
You feel sick.
You are no longer poisoned.
The black bear barely misses you. The black bear claws you.
The black bear claws you but does no damage.
You are too injured to fight recklessly!
You are too injured to fight recklessly!
You are too injured to fight recklessly!
You are too injured to fight recklessly!
Casting: Blink (safe; 5% risk of failure)
Confirm with . or Enter, or press ? or * to list all spells.
You blink.
The bat hits you but does no damage. The bat hits you.
The bat barely misses you. The bat hits you but does no damage.
The bat hits you. The bat closely misses you. The bat barely misses you.
The black bear bites you.
* * * LOW HITPOINT WARNING * * *
The black bear claws you.
* * * LOW HITPOINT WARNING * * *
The black bear completely misses you. The bat closely misses you.
There is an escape hatch in the ceiling here.
The bat hits you but does no damage. The black bear bites you.
* * * LOW HITPOINT WARNING * * *
The black bear claws you but does no damage.
The black bear claws you.
You die...

#.........# #.........#
#.........# ## #.........# .#
#>........# #. ## ## .#
##........### #..#)# ..
.####...........## #..##.# .##
....#.....)...#..# ....#.# .#.
.)#...........##@####.#..##.# ...
..##..[.......##.hb...##...#.#...
..##..........####.#### #..##†#
..####..(....## #..######...#.Sh
#.# ##......# ##.##.......#...
#># ####.#..### #.......##.#$((
#.#### #)# .....#.#####..#.####
#....#####<# ###....#####.#.....
#..#....##.# #.##...# #.#..#


You could see a black bear and a bat.

Vanquished Creatures
  2 adders
  A dart slug (D:1)
  An orc (D:3)
  6 bats
  7 endoplasms
  4 giant cockroaches
  A goblin (D:1)
  5 hobgoblins
  8 jackals
  2 quokkas (D:2)
  4 ball pythons
  5 frilled lizards
  2 kobolds (D:3)
  3 rats
51 creatures vanquished.

Notes
Turn   | Place    | Note
-------+----------+-------------------------------------------
     0 | D:1      | Anon1729 the Palentonga Warper began the quest for the Orb.
     0 | D:1      | Reached XP level 1. HP: 17/17 MP: 3/3
   256 | D:1      | Found a faded altar of an unknown god.
   257 | D:1      | Reached XP level 2. HP: 23/23 MP: 5/5
   391 | D:1      | Became a worshipper of Cheibriados the Contemplative
   391 | D:1      | Reached * piety under Cheibriados
   975 | D:1      | Reached XP level 3. HP: 29/29 MP: 6/6
  1047 | D:1      | Reached ** piety under Cheibriados
  2132 | D:2      | Learned a level 2 spell: Blink
  2431 | D:3      | Reached XP level 4. HP: 36/36 MP: 7/7
  2536 | D:3      | Noticed a black bear
  2556 | D:3      | HP: 1/36 [black bear (5)]
  2556 | D:3      | Slain by a black bear

Illustrated notes

Levels and vault maps discovered:
D:1:      giann_horns, layout_loops_cross, basic_ecumenical_altar
D:2:      layout_basic
D:3:      layout_rooms, minmay_vboxes

Action                   |  1- 3 |  4- 6 || total
-------------------------+-------+-------++-------
Melee: Mace              |   121 |     8 ||   129
       Tailslap          |    12 |     2 ||    14
Throw: Boomerang         |     1 |       ||     1
 Cast: Blink             |       |     1 ||     1
 Abil: Rolling Charge    |    11 |       ||    11
 Stab: Sleeping          |     1 |       ||     1
Armor: Leather armour    |    62 |    11 ||    73
Dodge: Dodged            |    52 |     9 ||    61

Table legend: (Time is in decaauts)
 A = Elapsed time spent in this place.
 B = Non-inter-level travel time spent in this place.
 C = Inter-level travel time spent in this place.
 D = Time resting spent in this place.
 E = Time spent auto-exploring this place.
 F = Levels seen in this place.
 G = Mean time per level.
                   A        B        C        D        E       F      G
               +--------+--------+--------+--------+--------+-----+--------+
         Total |   3185 |   3091 |     94 |    101 |   2616 |   3 | 1061.7 |
       Dungeon |   3185 |   3091 |     94 |    101 |   2616 |   3 | 1061.7 |
               +--------+--------+--------+--------+--------+-----+--------+

Top non-repeatable levels by time:
     D:2: 1418 daAuts
     D:1: 1257 daAuts
     D:3: 509 daAuts
